Map: Romanticide LE

Players

Zoun - Winner!

  • Race: Protoss Protoss

MaxPax

  • Race: Protoss Protoss

Event: TSL 7

VOD

Have the link to the VOD?

Description

Time

  • Played on: June 13, 2021, 12:20 p.m.
  • Length: 24:05

All games in this series

Show
View Real Time Build Order
Export as new Build Order

Zoun Protoss - Winner!

Build Orders: Oracle Opening 

Get SALT Encoding   

  12  0:00  Probe  
  13  0:12  Probe  
  14  0:17  Pylon  
  14  0:24  Probe (Chrono Boost)  
  15  0:36  Gateway  
  15  0:37  Probe (Chrono Boost)  
  16  0:44  Probe (Chrono Boost)  
  16  0:45  Assimilator  
  17  0:51  Probe  
  18  1:03  Probe (Chrono Boost)  
  19  1:04  Assimilator  
  19  1:12  Gateway  
  19  1:13  Probe (Chrono Boost)  
  19  1:18  Probe (Chrono Boost)  
  21  1:26  Cybernetics Core  
  21  1:29  Probe  
  22  1:40  Pylon  
  22  1:42  Probe  
  23  1:48  Pylon  
  23  1:58  Probe  
  24  2:02  Stargate  
  24  2:09  Adept  
  24  2:15  Adept  
  28  2:19  Warp Gate  
  28  2:36  Probe  
  29  2:46  Oracle (Chrono Boost)  
  32  3:00  Nexus  
  32  3:04  Probe  
  33  3:09  Pylon  
  36  3:22  Probe  
  37  3:30  Twilight Council  
  37  3:32  Forge  
  34  3:34  Probe  
  35  3:46  Probe  
  36  3:53  Shield Battery  
  36  3:58  Probe  
  37  4:04  Blink (Chrono Boost)  
  37  4:07  Stalker x2  
  41  4:14  Probe x2 (Chrono Boost)  
  41  4:16  Protoss Ground Weapons Level 1 (Chrono Boost)  
  43  4:26  Probe (Chrono Boost)  
  43  4:31  Probe x2 (Chrono Boost)  
  44  4:40  Stalker x2  
  44  4:41  Probe  
  44  4:43  Probe  
  50  4:47  Assimilator  
  50  4:49  Shield Battery  
  50  4:54  Probe  
  50  4:59  Probe  
  52  5:04  Stalker  
  52  5:06  Probe  
  55  5:11  Probe  
  56  5:16  Nexus  
  56  5:17  Sentry  
  56  5:23  Pylon  
  56  5:24  Probe  
  57  5:28  Phoenix  
  57  5:31  Probe  
  57  5:34  Robotics Facility  
  58  5:36  Probe  
  58  5:42  Gateway  
  59  5:44  Gateway  
  59  5:45  Sentry  
  59  5:47  Stalker  
  63  5:51  Probe, Shield Battery  
  63  5:53  Probe  
  65  5:59  Pylon  
  65  6:04  Probe  
  66  6:06  Probe  
  66  6:07  Protoss Ground Weapons Level 2 (Chrono Boost)  
  66  6:10  Stalker  
  69  6:16  Probe  
  69  6:18  Probe, Charge (Chrono Boost)  
  71  6:27  Gateway  
  71  6:28  Probe  
  71  6:29  Gateway  
  71  6:30  Probe  
  73  6:36  Probe (Chrono Boost)  
  73  6:37  Gateway  
  74  6:43  Probe (Chrono Boost)  
  74  6:46  Probe (Chrono Boost), Gateway, Assimilator  
  76  6:48  Probe (Chrono Boost), Assimilator  
  76  6:51  Observer  
  79  6:56  Probe x2 (Chrono Boost)  
  79  6:57  Probe (Chrono Boost)  
  81  7:04  Probe  
  81  7:05  Nexus  
  81  7:06  Probe  
  81  7:07  Pylon  
  81  7:08  Probe  
  84  7:10  Pylon  
  84  7:17  Templar Archives  
  84  7:21  Gateway  
  84  7:22  Gateway  
  84  7:23  Probe x2  
  86  7:33  Stalker x3  
  86  7:36  Observer  
  93  7:40  Stalker  
  93  7:41  Stalker x2  
  95  7:51  Probe x2  
  95  7:57  High Templar x2  
  95  7:58  Zealot x3  
  107  8:03  Photon Cannon  
  107  8:04  Archon  
  107  8:09  Shield Battery, Pylon x2  
  107  8:11  Photon Cannon  
  107  8:14  Pylon  
  107  8:19  Probe x3, Photon Cannon  
  110  8:20  Probe, Assimilator  
  110  8:24  High Templar x2  
  115  8:27  Warp Prism  
  115  8:28  Archon  
  117  8:34  Probe x3  
  117  8:37  Stalker  
  117  8:38  High Templar x2  
  117  8:39  Zealot x2  
  130  8:42  Archon  
  130  8:46  Pylon  
  130  8:49  Pylon  
  130  8:51  Gateway  
  130  8:52  Gateway  
  130  9:03  Zealot x5  
  140  9:10  Zealot x3  
  146  9:18  High Templar x2  
  146  9:22  Archon  
  150  9:24  High Templar x2, Zealot  
  150  9:28  Archon, Pylon  
  150  9:29  Pylon  
  156  9:32  Pylon  
  156  9:34  Pylon  
  156  9:38  Protoss Ground Weapons Level 3 (Chrono Boost)  
  156  9:43  Pylon  
  156  9:45  Pylon  
  155  9:50  Zealot x8  
  155  9:51  Zealot x2  
  175  9:59  Pylon  
  175  10:07  Robotics Bay  
  175  10:09  Nexus, Robotics Facility  
  175  10:10  Pylon  
  175  10:21  High Templar x2  
  175  10:22  High Templar  
  175  10:23  High Templar, Zealot x6  
  175  10:24  Zealot  
  175  10:25  Zealot  
  175  10:28  Archon x2  
  172  10:43  Zealot x3  
  172  10:44  Zealot x4  
  186  10:54  Zealot x4  
  186  10:55  Disruptor x2 (Chrono Boost)  
  166  11:01  Zealot  
  128  11:12  Probe  
  128  11:13  Probe x3  
  128  11:15  Shield Battery  
  128  11:16  Dark Shrine  
  128  11:17  Photon Cannon  
  132  11:23  Disruptor x2 (Chrono Boost)  
  132  11:25  Probe  
  139  11:28  Shield Battery  
  139  11:29  High Templar x2  
  139  11:30  Zealot x5  
  153  11:35  Archon  
  151  11:44  Robotics Facility  
  151  11:47  Zealot x2  
  151  11:50  Disruptor (Chrono Boost)  
  152  12:04  Disruptor  
  155  12:09  Zealot x7  
  169  12:22  Disruptor  
  170  12:24  Stalker x3  
  170  12:25  Zealot x2  
  170  12:27  Assimilator  
  170  12:28  Assimilator  
  170  12:34  Zealot  
  170  12:35  Zealot x6  
  178  12:40  Disruptor  
  152  12:54  Disruptor (Chrono Boost)  
  152  12:58  Disruptor (Chrono Boost)  
  145  12:59  Stalker x2  
  145  13:00  Zealot x5, Stalker x2  
  145  13:04  Photon Cannon  
  157  13:05  Photon Cannon  
  157  13:06  Photon Cannon  
  157  13:12  Disruptor (Chrono Boost)  
  160  13:26  Disruptor (Chrono Boost)  
  161  13:28  Observer (Chrono Boost)  
  161  13:34  Zealot x5, Stalker x3  
  156  13:35  Zealot x3  
  171  13:45  Disruptor x2  
  175  13:49  Zealot  
  175  13:55  Disruptor  
  176  14:05  Zealot x2  
  180  14:15  Shadow Stride  
  180  14:16  Zealot  
  180  14:17  Zealot x8  
  183  14:19  Protoss Shields Level 1 (Chrono Boost)  
  183  14:23  Disruptor  
  198  14:33  Zealot  
  196  14:54  Dark Templar x2  
  196  14:58  Stalker  
  170  15:16  Zealot x2, Stalker x2  
  170  15:17  Zealot x6  
  175  15:22  Probe x3  
  178  15:29  Probe x2  
  178  15:32  Pylon  
  178  15:34  Probe x3  
  183  15:41  Stargate  
  181  15:43  Nexus  
  181  15:44  Stalker x5  
  181  15:45  Stalker x3  
  195  15:51  Zealot x3  
  197  15:58  Shield Battery  
  195  16:05  Dark Templar  
  195  16:07  Pylon  
  195  16:11  Protoss Shields Level 2 (Chrono Boost)  
  197  16:20  Photon Cannon  
  197  16:22  Photon Cannon  
  197  16:24  Photon Cannon  
  197  16:33  Fleet Beacon  
  197  16:36  Shield Battery  
  197  16:37  Photon Cannon  
  175  17:06  Disruptor x2  
  134  17:13  Disruptor (Chrono Boost)  
  133  17:21  Stalker x8  
  139  17:39  Disruptor (Chrono Boost)  
  139  17:43  Observer (Chrono Boost)  
  143  17:48  Observer (Chrono Boost)  
  142  17:51  Stalker x3  
  142  17:52  Stalker  
  142  17:56  Stalker  
  142  17:57  Stalker x4  
  142  17:58  Dark Templar x2  
  162  18:01  Gravitic Boosters  
  164  18:19  Observer  
  165  18:25  Oracle (Chrono Boost)  
  168  18:27  Disruptor  
  168  18:28  Disruptor  
  175  18:50  Mothership (Chrono Boost)  
  179  18:58  Gravitic Drive  
  179  18:59  Zealot x10  
  199  19:12  Assimilator x2  
  195  19:49  Disruptor x2  
  182  20:09  Disruptor  
  174  20:22  Stalker x9  
  174  20:23  Stalker x2  
  177  20:41  Stargate  
  177  20:42  Stargate x2  
  177  20:47  Assimilator  
  177  20:49  Assimilator  
  177  20:51  Pylon  
  169  21:26  Tempest x3  
  159  21:47  Zealot x9  
  159  21:48  Observer (Chrono Boost)  
  159  21:49  Observer (Chrono Boost)  
  154  21:56  Zealot x3  
  160  22:01  Observer (Chrono Boost)  
  160  22:05  Tempest (Chrono Boost)  
  160  22:07  Tempest x2 (Chrono Boost)  
  176  22:22  Observer  
  181  22:25  Zealot x10  
  181  22:26  Nexus  
  181  22:28  Tempest (Chrono Boost), Pylon  
  192  22:40  Zealot x2  
  192  22:42  Tempest  
  164  22:45  Dark Templar x2  
  164  22:46  Zealot x2  
  156  22:59  Zealot x4  
  156  23:00  Zealot  
  148  23:29  Stalker x4  
  148  23:30  Zealot x5  
  168  23:34  Observer x2  
  135  24:04  Unknown  
Show
View Real Time Build Order
Export as new Build Order

MaxPax Protoss 

Build Orders: Phoenix Opening 

Get SALT Encoding   

  12  0:00  Probe  
  13  0:12  Probe  
  14  0:20  Pylon  
  14  0:24  Probe  
  15  0:38  Probe (Chrono Boost), Gateway  
  16  0:48  Probe (Chrono Boost), Assimilator  
  17  0:53  Probe (Chrono Boost)  
  18  0:57  Assimilator  
  18  1:04  Probe (Chrono Boost)  
  18  1:06  Pylon  
  19  1:13  Probe (Chrono Boost)  
  20  1:18  Probe (Chrono Boost)  
  21  1:26  Cybernetics Core  
  21  1:30  Probe  
  24  1:42  Probe  
  25  1:55  Probe  
  25  1:59  Nexus  
  24  2:04  Sentry (Chrono Boost)  
  24  2:07  Probe  
  27  2:12  Warp Gate  
  27  2:19  Probe  
  28  2:23  Stalker (Chrono Boost)  
  30  2:31  Shield Battery  
  30  2:38  Stargate  
  30  2:45  Pylon  
  30  2:49  Probe  
  30  2:59  Shield Battery  
  30  3:01  Probe  
  31  3:07  Shield Battery  
  31  3:12  Stalker  
  33  3:17  Probe  
  34  3:20  Phoenix (Chrono Boost)  
  36  3:29  Probe, Shield Battery  
  35  3:37  Probe  
  35  3:41  Probe  
  37  3:45  Phoenix  
  39  3:49  Probe  
  39  3:53  Probe  
  41  4:01  Probe, Twilight Council  
  42  4:05  Probe  
  43  4:13  Probe  
  43  4:15  Pylon  
  44  4:17  Probe  
  44  4:22  Forge  
  44  4:23  Shield Battery  
  45  4:25  Probe  
  45  4:28  Gateway  
  46  4:34  Stalker  
  46  4:35  Probe (Chrono Boost)  
  46  4:37  Probe (Chrono Boost)  
  50  4:39  Blink (Chrono Boost)  
  50  4:42  Assimilator  
  51  4:49  Probe (Chrono Boost)  
  51  4:50  Probe (Chrono Boost)  
  54  4:55  Probe  
  54  4:57  Protoss Ground Weapons Level 1 (Chrono Boost)  
  54  5:01  Probe  
  54  5:04  Pylon  
  54  5:05  Pylon  
  53  5:07  Probe  
  53  5:08  Gateway  
  54  5:22  Probe  
  54  5:24  Nexus  
  55  5:30  Stalker x2  
  55  5:33  Probe  
  55  5:34  Probe  
  61  5:45  Probe  
  61  5:46  Probe  
  61  5:48  Pylon, Shield Battery  
  63  5:57  Probe  
  63  5:58  Probe  
  65  6:09  Probe  
  65  6:10  Probe  
  67  6:13  Stalker  
  67  6:14  Stalker x2  
  73  6:20  Gateway x2  
  73  6:21  Probe  
  73  6:23  Probe  
  73  6:24  Gateway, Robotics Facility  
  75  6:32  Charge (Chrono Boost)  
  75  6:36  Probe (Chrono Boost)  
  75  6:38  Probe (Chrono Boost)  
  78  6:40  Probe (Chrono Boost)  
  78  6:41  Nexus  
  78  6:45  Probe (Chrono Boost)  
  80  6:48  Probe x2 (Chrono Boost)  
  80  6:50  Probe  
  80  6:52  Stalker  
  84  6:58  Gateway  
  84  7:00  Probe, Gateway  
  84  7:01  Probe, Protoss Ground Weapons Level 2 (Chrono Boost)  
  86  7:02  Probe  
  87  7:13  Templar Archives  
  88  7:17  Pylon  
  88  7:19  Stalker x3  
  93  7:24  Pylon  
  93  7:25  Pylon  
  93  7:35  Probe x2  
  95  7:39  Gateway  
  95  7:42  Gateway  
  95  7:51  Zealot x6  
  99  7:57  Probe x3  
  110  8:01  Warp Prism (Chrono Boost)  
  110  8:02  Probe  
  113  8:06  Photon Cannon  
  113  8:10  High Templar x2  
  117  8:15  Archon  
  117  8:16  High Templar x2  
  117  8:17  Zealot x4  
  129  8:21  Archon  
  129  8:23  Pylon  
  129  8:29  Pylon  
  129  8:30  Assimilator  
  129  8:31  Assimilator  
  129  8:32  Observer  
  130  8:35  Shield Battery  
  130  8:41  Zealot  
  132  8:44  Pylon x2, Zealot x4  
  132  8:47  Pylon  
  140  8:50  Zealot x4  
  148  8:57  Robotics Bay  
  148  9:01  Photon Cannon, Pylon  
  146  9:08  Zealot x2  
  146  9:09  Zealot x4  
  158  9:14  Zealot x2  
  158  9:15  Zealot x8  
  164  9:21  Robotics Facility  
  164  9:22  Pylon  
  164  9:26  Photon Cannon  
  164  9:28  Shield Battery  
  164  9:29  Pylon  
  164  9:37  Photon Cannon  
  164  9:39  High Templar x2  
  164  9:45  Archon  
  168  9:49  Shield Battery  
  169  9:54  Disruptor (Chrono Boost)  
  169  9:55  Probe  
  169  9:56  Probe, Robotics Facility  
  169  9:57  Probe, Assimilator  
  169  9:59  Pylon, Assimilator  
  172  10:01  Probe  
  172  10:07  Probe, Disruptor (Chrono Boost)  
  172  10:08  Probe  
  172  10:09  Probe  
  172  10:13  Zealot x4  
  172  10:14  Zealot  
  188  10:17  Pylon  
  188  10:21  Disruptor (Chrono Boost)  
  190  10:23  Probe  
  189  10:42  Disruptor (Chrono Boost), Zealot  
  182  10:43  Zealot x2  
  182  10:44  Protoss Ground Weapons Level 3 (Chrono Boost)  
  182  10:47  Pylon  
  182  10:48  Pylon  
  186  10:50  Probe  
  186  10:56  Zealot x7  
  153  11:07  Disruptor (Chrono Boost)  
  153  11:10  Stalker x3  
  158  11:13  Shield Battery x2  
  157  11:19  Disruptor (Chrono Boost)  
  157  11:21  Stalker x2  
  157  11:22  Stalker x3  
  165  11:27  Probe x3, Photon Cannon  
  165  11:30  Observer (Chrono Boost), Gravitic Boosters  
  169  11:34  Nexus  
  168  11:41  Zealot  
  168  11:42  Zealot x2  
  168  11:45  Disruptor  
  175  12:00  Zealot x7  
  179  12:05  Disruptor  
  180  12:10  Probe  
  181  12:20  Disruptor  
  182  12:25  Pylon  
  182  12:28  Stalker x8  
  192  12:34  Disruptor  
  187  12:58  Disruptor  
  158  12:59  Disruptor  
  158  13:02  Zealot x6  
  158  13:03  Zealot x4  
  184  13:07  Photon Cannon  
  184  13:09  Photon Cannon  
  184  13:11  Photon Cannon, Disruptor  
  187  13:13  Photon Cannon  
  187  13:14  Shield Battery  
  187  13:15  Pylon  
  187  13:30  Protoss Shields Level 1 (Chrono Boost)  
  167  13:35  Disruptor (Chrono Boost)  
  142  13:46  Stalker x7  
  142  13:47  Stalker x3  
  162  13:51  Disruptor (Chrono Boost)  
  168  13:58  Disruptor (Chrono Boost)  
  168  14:05  Pylon  
  168  14:07  Nexus  
  168  14:09  Dark Shrine  
  169  14:22  Stalker x2  
  169  14:23  Stalker x5  
  180  14:33  Stalker  
  180  14:34  Stalker x2  
  180  14:38  Stargate  
  186  14:41  Fleet Beacon  
  162  14:55  Stalker x6  
  174  15:00  Observer  
  174  15:04  Zealot  
  174  15:05  Zealot x3  
  146  15:24  Stalker x5  
  152  15:33  Photon Cannon  
  150  15:52  Probe  
  150  15:53  Photon Cannon, Unknown  
  150  15:55  Stalker x4  
  154  16:03  Mothership (Chrono Boost)  
  155  16:26  Stalker x5  
  155  16:28  Shadow Stride (Chrono Boost)  
  165  16:35  Pylon  
  161  16:48  Disruptor x2  
  161  16:51  Disruptor  
  158  17:07  Dark Templar x2  
  127  17:20  Dark Templar x2  
  127  17:21  Zealot x5  
  129  17:23  Probe x3  
  129  17:27  Observer  
  132  17:36  Probe  
  121  17:38  Probe x2  
  121  17:39  Probe, Photon Cannon  
  124  17:46  Observer x2  
  126  17:53  Nexus  
  126  18:04  Carrier (Chrono Boost)  
  132  18:06  Carrier (Chrono Boost)  
  132  18:09  Pylon  
  136  18:22  Photon Cannon  
  126  18:27  Zealot x3  
  114  18:42  Disruptor x2  
  114  18:44  Probe  
  121  18:58  Protoss Air Weapons Level 1 (Chrono Boost)  
  120  19:06  Probe x2  
  122  19:15  Disruptor  
  107  19:52  Zealot x4  
  99  20:15  Dark Templar  
  99  20:16  Dark Templar x5  
  99  20:21  Zealot x4  
  110  20:50  Stalker x5  
  106  21:15  Carrier (Chrono Boost)  
  107  21:26  Probe x3  
  105  21:42  Zealot  
  105  21:43  Zealot x4  
  101  22:07  Probe  
  102  22:15  Stalker x2  
  102  22:19  Stalker  
  98  22:57  Stalker x4  
  95  23:04  Disruptor  
  84  23:32  Dark Templar x3  
Tags
 
Add a new tag
Caveats
  • Supply blocks, unpowered buildings, or Contaminate may cause inaccurate times.
  • Supply counts are checked every 10 seconds.